 Seeded DCSS version 0.30.1-11-g7821555f0a (webtiles) character file.

Game seed: 6351066067085065685 (custom seed)

275796 Esekla the Archmage (level 19, -5/116 HPs)
             Began as a Deep Elf Wanderer on Oct 25, 2023.
             Was the Champion of Vehumet.
             Slain by a vault warden
             ... wielding a +3 war axe
              (54 damage)
             ... on level 3 of the Vaults on Oct 27, 2023.
             The game lasted 05:35:18 (37839 turns).

Esekla the Archmage (Deep Elf Wanderer)            Turns: 37839, Time: 05:35:19

Health: -5/116     AC: 21    Str:  9    XL:     19   Next: 56%
Magic:  48/52      EV: 14    Int: 33    God:    Vehumet [******]
Gold:   3232       SH:  4    Dex: 11    Spells: 7/72 levels left

rFire   + . .        a - +9 long sword (protect)
rCold   . . .        d - +0 buckler
rNeg    + . .        Z - +1 ring mail "Uronn" {rF+ Regen+ Int+3}
rPois   +            Y - +2 helmet {Int+3}
rElec   +            h - +2 cloak {Stlth+}
rCorr   .            l - +0 pair of gloves
SInv    .            M - +2 pair of boots {rampage}
Will    +....        y - amulet of magic regeneration
Stlth   +++          V - ring of Greed {rElec rPois rN+ AC+4 Str-2}
HPRegen 1.19/turn    g - ring of the Mage {Wiz Archmagi}
MPRegen 0.73/turn

%: rampage, wizardry (x1), archmagi
@: freezing walls
A: no striking features
}: 2/15 runes: barnacled, gossamer
a: Renounce Religion


You were on level 3 of the Vaults.
You worshipped Vehumet.
Vehumet was exalted by your worship.
You visited 7 branches of the dungeon, and saw 32 of its levels.
You visited the Abyss 1 time.
You visited 1 bazaar.
You also visited: Trove and Bailey.

You collected 6996 gold pieces.
You spent 3764 gold pieces at shops.

Inventory:

Hand Weapons
 a - a +9 long sword of protection (weapon)
 e - a +2 demon blade of electrocution
 f - a +4 scimitar of flaming
 r - a +4 trident of venom
 s - the +8 Vampire's Tooth {megavamp}
   (You bought it in a shop in a bazaar)
Missiles
 t - 9 silver javelins
 D - 90 poisoned darts
 L - 7 curare-tipped darts
 N - 28 boomerangs (quivered)
Armour
 d - a +0 buckler (worn)
 h - a +2 cloak of stealth (worn)
 l - a +0 pair of gloves (worn)
 o - a +2 robe of cold resistance
 v - the +1 animal skin "Kougi" {rPois rF++ MP+9}
   (You found it on level 2 of the Shoals)

   rF:        It greatly protects you from fire.
   rPois:     It protects you from poison.
   MP:        It affects your magic capacity (+9).
 E - a +2 robe of willpower
 M - a +2 pair of boots of rampaging (worn)
 Y - a +2 helmet of intelligence (worn)
 Z - the +1 ring mail "Uronn" (worn) {rF+ Regen+ Int+3}
   (You found it on level 4 of the Shoals)

   Int:       It affects your intelligence (+3).
   rF:        It protects you from fire.
   Regen:     It increases your rate of health regeneration.
Magical Staves
 c - the staff of earth "Muiluse" {rCorr MP+9 SInv}
   (You acquired it on level 2 of the Spider Nest)

   [staff of earth]

   Base accuracy: +5 Base damage: 5 Base attack delay: 1.2 This weapon's minimum
   attack delay (0.6) is reached at skill level 12.
   MP:        It affects your magic capacity (+9).
   SInv:      It lets you see invisible.
   rCorr:     It protects you from acid and corrosion.
   It falls into the 'Staves' category.
   It is a one-handed weapon.
Jewellery
 g - the ring of the Mage (right hand) {Wiz Archmagi}
   (You bought it in a shop on level 2 of the Dungeon)

   [ring of wizardry]

   It improves your spell success rate.
   Archmagi:  It increases the power of your magical spells.
 y - an amulet of magic regeneration (around neck)
 I - an amulet of reflection
 O - the ring "Pileq" {Ice Str+4 Dex+3 Slay+2}
   (You took it off a merfolk on level 3 of the Shoals)

   [ring of ice]

   It enhances your ice magic.
   Str:       It affects your strength (+4).
   Dex:       It affects your dexterity (+3).
   Slay:      It affects your accuracy & damage with ranged weapons and melee
   (+2).
   rF:        It makes you vulnerable to fire.
   rC:        It protects you from cold.
 T - the ring "Edamun" {rF+ Will+ Str+3 Dex+2 Slay+2}
   (You found it in a treasure trove)

   [ring of willpower]

   Str:       It affects your strength (+3).
   Dex:       It affects your dexterity (+2).
   Slay:      It affects your accuracy & damage with ranged weapons and melee
   (+2).
   rF:        It protects you from fire.
   Will:      It increases your willpower.
 V - the ring of Greed (left hand) {rElec rPois rN+ AC+4 Str-2}
   (You bought it in a shop on level 2 of the Dungeon)

   [ring of protection]

   AC:        It affects your AC (+4).
   Str:       It affects your strength (-2).
   rElec:     It insulates you from electricity.
   rPois:     It protects you from poison.
   rN:        It protects you from negative energy.
Wands
 i - a wand of roots (42)
 A - a wand of flame (31)
 H - a wand of mindburst (18)
 J - a wand of digging (16)
 W - a wand of quicksilver (16)
Scrolls
 p - 2 scrolls of amnesia
 u - 5 scrolls of fog
 w - 3 scrolls of silence
 x - 2 scrolls of magic mapping
 z - 5 scrolls of fear
 B - 7 scrolls of blinking
 F - 3 scrolls of poison
 G - 10 scrolls of teleportation
 P - 3 scrolls of enchant armour
Potions
 b - 7 potions of lignification
 j - 9 potions of curing
 k - 11 potions of haste
 n - 3 potions of heal wounds
 q - 3 potions of might
 C - 3 potions of cancellation
 K - 5 potions of magic
 Q - 5 potions of brilliance
 R - 3 potions of resistance
 S - 6 potions of ambrosia
 U - 5 potions of flight
 X - 9 potions of attraction
Miscellaneous
 m - a lightning rod (4/4)


   Skills:
 - Level 12.0 Fighting
 + Level 5.3(5.9) Short Blades
 + Level 3.2(4.5) Long Blades
 + Level 1.5 Throwing
 * Level 3.6 Armour
 * Level 14.6 Dodging
 + Level 4.8 Stealth
 - Level 3.3 Shields
 O Level 27 Spellcasting
 * Level 7.8 Conjurations
 + Level 10.8 Necromancy
 + Level 6.6 Translocations
 - Level 6.0 Transmutations
 + Level 8.4 Fire Magic
 + Level 6.6 Ice Magic
 - Level 11.0 Air Magic
 * Level 12.0 Earth Magic
 - Level 6.1 Poison Magic
 - Level 1.0 Invocations
 + Level 0.1 Evocations


You had 7 spell levels left.
You knew the following spells:

 Your Spells              Type           Power      Damage    Failure   Level
b - Blink                 Tloc           100%       N/A       1%          2
c - Mephitic Cloud        Conj/Pois/Air  99%        N/A       1%          3
d - Vampiric Draining     Necr           100%       2d13      1%          3
f - Fireball              Conj/Fire      49%        3d19      1%          5
k - Airstrike             Air            54%        2d(8-24)  1%          4
l - Lee's Rapid Deconstr  Erth           56%        3d26*     1%          5
m - Maxwell's Capacitive  Air            54%        ∞         14%         8
n - Ignite Poison         Fire/Tmut/Pois 94%        N/A       1%          3
o - Orb of Destruction    Conj           49%        9d13      8%          7
p - Apportation           Tloc           100%       N/A       1%          1
r - Frozen Ramparts       Ice            100%       1d16      1%          3
u - Dispel Undead         Necr           100%       3d31      1%          4
v - Poisonous Vapours     Pois/Air       100%       N/A       1%          2
w - Wereblood             Tmut           90%        N/A       1%          2
x - Olgreb's Toxic Radia  Pois           91%        N/A       1%          4
y - Sticky Flame          Conj/Fire      99%        2d11      1%          4
z - Freezing Cloud        Conj/Ice/Air   50%        6-21      1%          5

Your spell library contained the following spells:

 Spells                   Type           Power      Damage    Failure   Level
 Shatter                  Erth           56%        3d42*     73%         9
 Chain Lightning          Conj/Air       51%        3d68      95%         9
 Polar Vortex             Ice            46%        N/A       100%        9
 Necrotise                Necr           100%       1d9       0%          1
 Sandblast                Erth           100%       2d20      0%          1
 Foxfire                  Conj/Fire      100%       2x1d9     1%          1
 Magic Dart               Conj           100%       1d8       1%          1
 Shock                    Conj/Air       100%       1d9       1%          1
 Sting                    Tmut/Pois      100%       1d8       1%          1
 Call Imp                 Summ           100%       N/A       1%          2
 Cigotuvi's Dreadful Rot  Necr/Pois/Air  100%       N/A       1%          2
 Lesser Beckoning         Tloc           100%       N/A       1%          2
 Passwall                 Tmut/Erth      85%        N/A       1%          2
 Sublimation of Blood     Necr           100%       N/A       1%          2
 Dazzling Flash           Conj/Hex       100%       N/A       1%          3
 Gell's Gravitas          Tloc           93%        N/A       1%          3
 Hailstorm                Conj/Ice       95%        3d19      1%          3
 Inner Flame              Hex/Fire       83%        N/A       1%          3
 Portal Projectile        Hex/Tloc       100%       N/A       1%          3
 Spider Form              Tmut/Pois      91%        N/A       1%          3
 Stone Arrow              Conj/Erth      100%       3d13      1%          3
 Swiftness                Air            100%       N/A       1%          3
 Teleport Other           Tloc           93%        N/A       1%          3
 Vhi's Electric Charge    Tloc/Air       100%       N/A       1%          3
 Anguish                  Hex/Necr       44%        N/A       1%          4
 Ice Form                 Ice/Tmut       92%        N/A       1%          4
 Manifold Assault         Tloc           93%        N/A       1%          4
 Passage of Golubria      Tloc           93%        N/A       1%          4
 Summon Ice Beast         Ice/Summ       79%        N/A       1%          4
 Agony                    Necr           100%       N/A       1%          5
 Arcjolt                  Conj/Air       51%        1d61      1%          5
 Yara's Violent Unravell  Hex/Tmut       38%        3d15      1%          5
 Conjure Ball Lightning   Conj/Air       51%        3x3d18    1%          6
 Death Channel            Necr           54%        N/A       1%          6
 Plasma Beam              Fire/Air       52%        2x1d73    1%          6
 Starburst                Conj/Fire      49%        6d14      1%          6
 Silence                  Hex/Air        44%        N/A       2%          5
 Cause Fear               Hex            30%        N/A       8%          4
 Dispersal                Tloc           46%        N/A       9%          6
 Summon Mana Viper        Hex/Summ       61%        N/A       21%         5
 Enfeeble                 Hex            30%        N/A       99%         7
 Summon Hydra             Summ           30%        N/A       99%         7
 Lehudib's Crystal Spear  Conj/Erth      52%        10d12     22%         8
 Ignition                 Fire           50%        3d14      36%         8
 Disjunction              Tloc           46%        N/A       96%         8


Dungeon Overview and Level Annotations

Branches:
Dungeon (13/15)            Temple (0/1) D:6            Lair (5/5) D:11
 Shoals (4/4) Lair:2       Spider (4/4) Lair:3        Slime (0/5) Lair:5
    Orc (2/2) D:10            Elf (1/3) Orc:2        Vaults (3/5) D:13
  Crypt (0/3) Vaults:2     Bailey (visited)

Altars:
Dithmenos
Fedhas
Hepliaklqana
Nemelex Xobeh
Okawaru
Qazlal
Ru
Trog
Uskayaw
Vehumet
Zin
The Shining One
Jiyva

Shops:
D:2 =   D:4 (   D:11 *   Orc:2 **[:   Shoals:2 (   Shoals:3 !   Vaults:1 [

Portals:
Pandemonium: Orc:2

Annotations:
D:7 Joseph
D:8 2 transporters
Vaults:3 Mennas


Message History

You feel a surge of power!
You draw life force from the vault warden!
You feel life coursing into your body.
The vault guard is engulfed in noxious fumes.
The wall freezes the vault guard!
Your attack snaps the vault guard out of its fear.
The wall freezes the vault guard but does no damage.
The wall freezes the ironbound convoker.
Your attack snaps the ironbound convoker out of its fear.
The ironbound convoker hits you with a +0 flail!
The ironbound convoker hits itself with a +0 flail!
The ironbound convoker is killed!
Vehumet accepts your kill.
You feel your power returning.
The wall freezes the vault warden!
The vault warden hits the vault guard with a +3 war axe!!
You block the vault warden's attack.
The vault warden hits itself with a +3 war axe.
Casting: Vampiric Draining (safe; 1% risk of failure)
Confirm with . or Enter, or press ? or * to list all spells.
Aiming: Vampiric Draining (safe; 1% risk of failure)
Press: ? - help, Shift-Dir - straight line, f - vault guard, p - vault warden
Aim: a vault guard, wielding a +0 war axe, wearing a +0 chain mail and wearing a +0 kite shield (severely wounded)
You feel a surge of power!
You draw life force from the vault guard!!
You feel life coursing into your body!
The wall freezes the vault guard.
The vault guard hits you with a +0 war axe.
Casting: Vampiric Draining (safe; 1% risk of failure)
Confirm with . or Enter, or press ? or * to list all spells.
Aiming: Vampiric Draining (safe; 1% risk of failure)
Press: ? - help, Shift-Dir - straight line, f/p - vault guard
Aim: a vault guard, wielding a +0 war axe, wearing a +0 chain mail and wearing a +0 kite shield (almost dead)
You feel a surge of power!
You draw life force from the vault guard!
You kill the vault guard!
Vehumet accepts your kill.
You feel your power returning.
You feel life coursing into your body.
The runic seal fades away.
The vault warden seems less confused.
The vault guard seems less confused.
The wall freezes the vault warden.
The vault warden hits you with a +3 war axe!!!
You die...

+..##..##..#..#
#..##..##..#..#
###..##..#'#..#
#^.##..#....#
.########....#
.............#
.............#
#######+######
#@)# #p)°....(
##.......
....... ...≈≈≈≈
..p≈≈≈≈ .p.≈≈≈≈
...≈≈≈≈


You could see a vault warden (strong) and 2 vault guards.

Vanquished Creatures
  Mara (Spider:3)
  Rupert (Lair:4)
  A kraken (Shoals:3)
  4 sphinxes
  Ilsuiw (Shoals:3)
  9 emperor scorpions
  A deep elf sorcerer (Elf:1)
  4 ghost moths
  5 vault wardens
  3 orc warlords
  6 ironbound preservers
  11 very ugly things
  4 war gargoyles (Vaults:2)
  A broodmother (Spider:3)
  8 ironbound thunderhulks
  A vampire knight (Vaults:2)
  A deep elf demonologist (Elf:1)
  Azrael (Orc:2)
  6 dire elephants
  2 deep elf annihilators (Elf:1)
  A minotaur (Shoals:4)
  2 spark wasps
  2 eidola (Vaults:2)
  5 entropy weavers
  A deep elf death mage (Elf:1)
  4 merfolk impalers
  4 fire dragons
  3 great orbs of eyes
  A yaktaur captain (Vaults:1)
  3 merfolk javelineers (Shoals:3)
  A deep elf high priest (Elf:1)
  2 peacekeepers (Vaults:2)
  Harold (D:9)
  5 vault guards
  9 ironbound frosthearts
  A demonspawn (Orc:2)
  4 merfolk aquamancers
  3 hydras
  3 radroaches
  16 satyrs
  4 centaur warriors
  A catoblepas (Lair:5)
  3 jorogumos
  An alligator snapping turtle (Shoals:3)
  4 dancing weapons (Elf:1)
  4 merfolk avatars
  4 boulder beetles
  4 two-headed ogres
  A vampire mage (Vaults:2)
  3 orc high priests (Orc:2)
  2 pharaoh ants
  A skeletal warrior (D:13)
  A sun moth (Spider:1)
  Lodul (D:11)
  12 sea snakes
  4 skysharks
  10 orb spiders
  A deep elf archer (Elf:1)
  A glowing orange brain (Vaults:2)
  Pikel (D:6)
  A swamp dragon (Lair:5)
  8 wizards
  14 deep trolls
  10 ironbound convokers
  3 steelbarb worms
  5 lindwurms
  27 harpies
  An oklob plant (Lair:5)
  7 deep elf zephyrmancers (Elf:1)
  22 ugly things
  8 deep elf pyromancers
  8 wolf spiders
  11 orc knights
  8 cyclopes
  10 orc sorcerers
  3 moths of wrath
  24 manticores
  24 fauns
  6 merfolk sirens
  2 black mambas
  A black mamba (shapeshifter) (D:13)
  7 water nymphs
  9 elephants (Lair:5)
  7 torpor snails
  A smoke demon (Orc:2)
  16 vault sentinels
  A gargoyle (D:11)
  3 demonic crawlers
  11 cane toads
  Psyche (D:11)
  3 rime drakes
  An unseen horror (D:13)
  A freezing wraith (Vaults:2)
  3 kobold demonologists
  16 komodo dragons
  15 yaktaurs
  A tengu conjurer (D:13)
  28 merfolk
  A red devil (Orc:2)
  3 tyrant leeches (Lair:5)
  A polar bear (D:11)
  7 trolls
  9 tarantellas
  12 hornets
  3 wind drakes
  5 blink frogs (Lair:1)
  15 slime creatures
  4 raiju (Abyss:2)
  11 jumping spiders
  4 centaur simulacra (D:11)
  8 snapping turtles
  12 spriggans (Lair:3)
  An air elemental (Elf:1)
  2 vampires
  7 culicivoras
  5 water elementals
  2 wraiths
  33 yaks
  5 basilisks
  A chaos spawn (Orc:2)
  3 fire elementals (Orc:2)
  3 steam dragons
  5 wyverns
  A vampire mosquito (D:13)
  29 redbacks
  Menkaure (D:7)
  3 wargs
  An acid dragon (shapeshifter) (Elf:1)
  3 acid dragons
  6 ice beasts
  14 water moccasins
  4 hell hounds (Orc:2)
  2 swamp drakes (Lair:5)
  A sky beast (D:6)
  43 orc warriors
  2 black bears
  A small abomination (Abyss:2)
  18 ogres
  2 centaurs
  3 boggarts (Lair:3)
  12 wolves
  A phantom (D:7)
  A lemure (D:5)
  Blork the orc (D:6)
  6 kobold brigands
  4 gnoll sergeants
  2 earth elementals
  10 bullfrogs
  3 scorpions
  10 wights
  21 killer bees
  2 howler monkeys (D:10)
  An electric eel (D:11)
  2 quasits (D:8)
  3 gnoll boudas
  5 hounds
  A jelly (D:6)
  Crazy Yiuf (D:7)
  31 orc priests
  6 iguanas
  A sleepcap (D:5)
  14 orc wizards
  12 hell rats
  34 gnolls
  9 adders
  2 shadow imps (D:8)
  9 white imps
  4 ufetubi
  A worm (D:4)
  3 dart slugs
  95 orcs
  4 endoplasms
  9 goblins
  7 hobgoblins
  A quokka (D:1)
  3 training dummies (Shoals:2)
  6 ball pythons
  4 bats
  4 frilled lizards
  24 kobolds
  A rat (D:2)
  A butterfly (Lair:4)
  2 tentacles (Shoals:3)
1201 creatures vanquished.

Vanquished Creatures (others)
  A harpy (Shoals:4)
  A deep elf pyromancer (Elf:1)
  A blink frog (Abyss:2)
  2 raiju (Abyss:2)
  An ettin skeleton (Abyss:2)
  5 small abominations (Abyss:2)
  A large abomination (Abyss:2)
  An orc priest (Orc:2)
  An iguana (Lair:5)
  A shadow imp (D:8)
  A lurking horror (Abyss:2)
  4 starspawn tentacles (Abyss:3)
  2 tentacles (Shoals:3)
22 creatures vanquished.

Grand Total: 1223 creatures vanquished

Notes
Turn   | Place    | Note
-------+----------+-------------------------------------------
     0 | D:1      | Esekla the Deep Elf Wanderer began the quest for the Orb.
     0 | D:1      | Esekla set off with the following items: a +0 club, a
                  | potion of lignification, a +0 robe, a +0 buckler; and the
                  | following spells available to memorise: Apportation, Blink,
                  | Lesser Beckoning, Magic Dart, Ignite Poison, Vampiric
                  | Draining.
     0 | D:1      | Reached XP level 1. HP: 10/10 MP: 7/7
     2 | D:1      | Learned a level 1 spell: Magic Dart
     4 | D:1      | Learned a level 1 spell: Apportation
   259 | D:2      | Found Renulab's Jewellery Shop.
   459 | D:4      | Found a radiant altar of Vehumet.
   463 | D:4      | Became a worshipper of Vehumet
   479 | D:4      | Found an iron altar of Okawaru.
   490 | D:4      | Found a glowing silver altar of Zin.
   587 | D:4      | Found Ponaysk's Antique Weapon Boutique.
   809 | D:3      | Reached XP level 2. HP: 8/15 MP: 9/9
   954 | D:2      | Learned a level 2 spell: Blink
  1220 | D:2      | Reached skill level 5 in Spellcasting
  1220 | D:2      | Reached skill level 1 in Necromancy
  1312 | D:3      | Identified the +5 rapier of the Hero {heavy, rN+ Dex+3}
  1475 | D:3      | Reached XP level 3. HP: 9/19 MP: 11/11
  1480 | D:3      | Learned a level 3 spell: Vampiric Draining
  1588 | D:3      | Found a stormy altar of Qazlal.
  1592 | D:3      | Found a bloodstained altar of Trog.
  1597 | D:3      | Reached XP level 4. HP: 13/24 MP: 7/13
  1599 | D:3      | Found a hazy altar of Hepliaklqana.
  1747 | D:2      | Noticed a black bear
  2019 | D:1      | Reached * piety under Vehumet
  2019 | D:1      | Offered knowledge of Foxfire by Vehumet.
  2174 | D:3      | Reached skill level 6 in Spellcasting
  2174 | D:3      | Reached skill level 1 in Conjurations
  2278 | D:5      | Entered Level 5 of the Dungeon
  2281 | D:5      | Got the Parchment of the Lumpy Olives
  2303 | D:5      | Found a shadowy altar of Dithmenos.
  2372 | D:5      | Reached skill level 1 in Short Blades
  2372 | D:5      | Reached XP level 5. HP: 28/28 MP: 10/15
  2653 | D:5      | Reached XP level 6. HP: 26/32 MP: 13/17
  2895 | D:5      | Reached skill level 7 in Spellcasting
  3175 | D:4      | Found a glowing golden altar of the Shining One.
  3736 | D:2      | Found a faded altar of an unknown god.
  3891 | D:2      | Reached XP level 7. HP: 29/36 MP: 13/20
  4035 | D:5      | Reached ** piety under Vehumet
  4035 | D:5      | Offered knowledge of Static Discharge by Vehumet.
  4036 | D:5      | Reached skill level 8 in Spellcasting
  4467 | D:6      | Noticed Pikel
  4633 | D:6      | Found a staircase to the Ecumenical Temple.
  4666 | D:6      | Killed Pikel
  4667 | D:6      | Reached skill level 9 in Spellcasting
  4667 | D:6      | Reached skill level 5 in Necromancy
  4667 | D:6      | Reached XP level 8. HP: 32/41 MP: 18/23
  4689 | D:7      | Found a runed translucent door.
  4690 | D:7      | Noticed Crazy Yiuf
  4695 | D:7      | Killed Crazy Yiuf
  4843 | D:7      | Reached skill level 5 in Dodging
  4843 | D:7      | Reached skill level 10 in Spellcasting
  4978 | D:7      | Noticed Menkaure
  4981 | D:7      | Killed Menkaure
  5093 | D:6      | Noticed Blork the orc
  5112 | D:6      | Killed Blork the orc
  5113 | D:6      | Reached XP level 9. HP: 45/45 MP: 21/25
  5378 | D:6      | Reached skill level 11 in Spellcasting
  5754 | D:6      | Found a blossoming altar of Fedhas.
  6039 | D:7      | Learned a level 3 spell: Ignite Poison
  6082 | D:7      | Offered knowledge of Poisonous Vapours by Vehumet.
  6086 | D:7      | Learned a level 2 spell: Poisonous Vapours
  6143 | D:7      | Reached skill level 1 in Throwing
  6168 | D:7      | Noticed Joseph
  6319 | D:8      | Reached *** piety under Vehumet
  6337 | D:8      | Reached skill level 1 in Transmutations
  6376 | D:8      | Noticed a two-headed ogre
  6399 | D:8      | Killed a two-headed ogre
  6400 | D:8      | Reached skill level 12 in Spellcasting
  6400 | D:8      | Reached skill level 1 in Fire Magic
  6400 | D:8      | Reached skill level 1 in Air Magic
  6400 | D:8      | Reached skill level 1 in Poison Magic
  6563 | D:8      | Found a transporter.
  6568 | D:8      | Offered knowledge of Inner Flame by Vehumet.
  6869 | D:8      | Reached XP level 10. HP: 50/50 MP: 28/28
  6961 | D:8      | Found a hide-covered altar of Uskayaw.
  6976 | D:8      | Found a transporter.
  6992 | D:8      | Found a transporter.
  6992 | D:8      | Found a transporter.
  7382 | D:9      | Found a flagged portal.
  7389 | D:9      | Reached **** piety under Vehumet
  7403 | Bailey   | Entered a bailey
  7521 | Bailey   | Offered knowledge of Airstrike by Vehumet.
  7529 | Bailey   | Learned a level 4 spell: Airstrike
  7563 | Bailey   | Identified the +2 bardiche of Puhoisos {heavy, rElec
                  | Stlth+}
  7729 | Bailey   | Noticed an orc knight
  7729 | Bailey   | Noticed an orc knight
  7762 | Bailey   | Killed an orc knight
  7860 | Bailey   | Killed an orc knight
  7861 | Bailey   | Reached skill level 13 in Spellcasting
  8139 | D:9      | Found a sparkling altar of Nemelex Xobeh.
  8183 | D:9      | Noticed a two-headed ogre
  8186 | D:9      | Killed a two-headed ogre
  8187 | D:9      | Reached skill level 1 in Fighting
  8349 | D:9      | Noticed a cyclops
  8352 | D:9      | Killed a cyclops
  8404 | D:9      | Reached XP level 11. HP: 56/56 MP: 30/30
  8407 | D:9      | Reached ***** piety under Vehumet
  8520 | D:9      | Offered knowledge of Plasma Beam by Vehumet.
  8607 | D:9      | Noticed Harold
  8610 | D:9      | Killed Harold
  8611 | D:9      | Reached skill level 14 in Spellcasting
  8611 | D:9      | Reached skill level 5 in Poison Magic
  8662 | D:10     | Entered Level 10 of the Dungeon
  9073 | D:10     | Found a staircase to the Orcish Mines.
  9092 | Orc:1    | Entered Level 1 of the Orcish Mines
  9102 | Orc:1    | Noticed an orc knight
  9108 | Orc:1    | Killed an orc knight
  9439 | D:2      | Bought the ring of the Mage {Wiz Archmagi} for 714 gold
                  | pieces
  9439 | D:2      | Found the ring of the Mage {Wiz Archmagi}
  9638 | D:10     | Found a sacrificial altar of Ru.
  9841 | D:11     | Reached skill level 15 in Spellcasting
  9878 | D:11     | Found a staircase to the Lair.
  9951 | D:11     | Got Simple Magic
 10050 | D:12     | Learned a level 2 spell: Wereblood
 10162 | D:12     | Learned a level 5 spell: Fireball
 10246 | D:12     | Learned a level 3 spell: Mephitic Cloud
 10252 | D:12     | Learned a level 5 spell: Freezing Cloud
 10272 | D:12     | Found a portal to a secret trove of treasure.
 10360 | D:11     | Offered knowledge of Lee's Rapid Deconstruction by Vehumet.
 10367 | D:11     | Noticed Lodul
 10373 | D:11     | Killed Lodul
 10378 | D:11     | Reached skill level 1 in Ice Magic
 10378 | D:11     | Reached XP level 12. HP: 51/67 MP: 22/33
 10407 | D:10     | Learned a level 5 spell: Lee's Rapid Deconstruction
 10485 | D:11     | Reached skill level 5 in Fighting
 10493 | D:11     | Reached skill level 1 in Earth Magic
 10559 | D:11     | Found Fagafuf's Pet Rocks.
 10734 | D:11     | Reached skill level 5 in Air Magic
 11071 | D:11     | Noticed Psyche
 11073 | D:11     | Noticed a two-headed ogre
 11074 | D:11     | Killed Psyche
 11078 | D:11     | Killed a two-headed ogre
 11195 | Trove    | Entered a treasure trove
 11206 | Trove    | Identified the +0 cloak of Time Monsters {Stlth+}
 11211 | Trove    | Identified the ring "Edamun" {rF+ Will+ Str+3 Dex+2 Slay+2}
 11219 | Trove    | Identified the +1 flail "Jovap" {freeze, rElec Dex+5}
 11220 | Trove    | Identified the +3 ring mail "Poady" {+Inv rF+ Dex+2 Slay-4}
 11282 | Lair:1   | Entered Level 1 of the Lair of Beasts
 11537 | Lair:1   | Reached skill level 16 in Spellcasting
 11968 | Lair:1   | Reached skill level 5 in Translocations
 12395 | D:2      | Bought the ring of Greed {rElec rPois rN+ AC+4 Str-2} for
                  | 758 gold pieces
 12835 | Lair:2   | Found a staircase to the Shoals.
 13229 | Lair:2   | Reached XP level 13. HP: 74/74 MP: 32/35
 13517 | Lair:2   | Found a transporter.
 13519 | Lair:2   | Found a transporter.
 13857 | Lair:3   | Found a hole to the Spider Nest.
 13955 | Lair:3   | Identified the +3 leather armour of Okawaru's Inspiration
                  | {Str+4}
 13996 | Lair:3   | Reached skill level 17 in Spellcasting
 14382 | Lair:3   | Reached skill level 5 in Short Blades
 14520 | Lair:3   | Reached skill level 5 in Ice Magic
 15123 | Lair:4   | Learned a level 4 spell: Sticky Flame
 15229 | Lair:4   | Reached skill level 5 in Earth Magic
 15240 | Lair:4   | You fall into a shaft and drop 1 floor!
 15240 | Lair:5   | Entered Level 5 of the Lair of Beasts
 15254 | Lair:5   | Found a viscous altar of Jiyva.
 15254 | Lair:5   | Found a staircase to the Slime Pits.
 15298 | Lair:5   | Reached skill level 18 in Spellcasting
 15342 | Lair:5   | Found a runed translucent door.
 15342 | Lair:5   | Noticed a fire dragon
 15550 | Lair:5   | Reached skill level 5 in Fire Magic
 15708 | Lair:4   | Noticed Rupert
 15720 | Lair:4   | Killed Rupert
 16239 | Lair:5   | Reached XP level 14. HP: 56/82 MP: 29/38
 16839 | Lair:5   | Got Utragud's Papyrus of the Inquisitive Olives
 17076 | Lair:5   | Reached skill level 10 in Dodging
 17078 | Lair:5   | Reached skill level 19 in Spellcasting
 17517 | Orc:2    | Entered Level 2 of the Orcish Mines
 17828 | Orc:2    | Noticed an orc warlord
 17840 | Orc:2    | Killed an orc warlord
 17840 | Orc:2    | Offered knowledge of Spellforged Servitor by Vehumet.
 17893 | Orc:2    | Found a staircase to the Elven Halls.
 17965 | Orc:2    | Reached skill level 5 in Transmutations
 18066 | Orc:2    | Found Bamnuus's General Store.
 18068 | Orc:2    | Found Roezostra's General Store.
 18240 | Orc:2    | Noticed Azrael
 18409 | Orc:2    | Killed Azrael
 18410 | Orc:2    | Reached skill level 20 in Spellcasting
 18670 | Orc:2    | Found Jyohez's Book Shop.
 18670 | Orc:2    | Found Huzal's Antique Armour Boutique.
 18671 | Orc:2    | Found a one-way gate leading to the halls of Pandemonium.
 18675 | Orc:2    | Bought a Young Poisoner's Handbook for 300 gold pieces
 18677 | Orc:2    | Bought a runed helmet for 270 gold pieces
 18755 | Orc:2    | Learned a level 4 spell: Olgreb's Toxic Radiance
 18827 | Orc:1    | Noticed an orc warlord
 18831 | Orc:1    | Offered knowledge of Iron Shot by Vehumet.
 18835 | Orc:1    | Killed an orc warlord
 18836 | Orc:1    | Reached XP level 15. HP: 85/90 MP: 37/41
 19066 | Elf:1    | Entered Level 1 of the Elven Halls
 19530 | Elf:1    | Learned a level 3 spell: Frozen Ramparts
 19779 | Elf:1    | Noticed a deep elf sorcerer
 19782 | Elf:1    | Killed a deep elf sorcerer
 19783 | Elf:1    | Reached skill level 21 in Spellcasting
 20385 | Spider:1 | Entered Level 1 of the Spider Nest
 20427 | Spider:1 | Identified the +1 pair of boots of Piysunuo {Str+3}
 21239 | Spider:2 | Reached skill level 1 in Long Blades
 21518 | Spider:2 | Reached skill level 22 in Spellcasting
 21816 | Spider:2 | Acquired the staff of earth "Muiluse" {rCorr MP+9 SInv}
 21818 | Spider:2 | Acquired 1102 gold pieces
 21819 | Spider:2 | Acquired 1016 gold pieces
 21894 | Spider:3 | Noticed an emperor scorpion
 21904 | Spider:3 | Killed an emperor scorpion
 22041 | Spider:3 | Noticed an emperor scorpion
 22068 | Spider:3 | Killed an emperor scorpion
 22249 | Spider:3 | Reached skill level 10 in Fighting
 22392 | Spider:3 | Reached XP level 16. HP: 92/97 MP: 42/44
 22520 | Spider:3 | Learned a level 8 spell: Maxwell's Capacitive Coupling
 22694 | Spider:3 | Offered knowledge of Eringya's Noxious Bog by Vehumet.
 23173 | Spider:4 | Entered Level 4 of the Spider Nest
 23173 | Spider:4 | Noticed Mara
 23184 | Spider:3 | Killed Mara
 24004 | Spider:4 | Reached skill level 23 in Spellcasting
 25088 | Spider:4 | Got a gossamer rune of Zot
 25254 | Shoals:1 | Entered Level 1 of the Shoals
 25423 | Shoals:1 | Offered knowledge of Conjure Ball Lightning by Vehumet.
 26602 | Shoals:2 | Reached XP level 17. HP: 49/104 MP: 25/46
 26605 | Shoals:2 | Reached skill level 24 in Spellcasting
 26815 | Shoals:1 | Learned a level 6 spell: Conjure Ball Lightning
 26833 | Shoals:2 | Reached skill level 10 in Necromancy
 27014 | Shoals:2 | Found Biskeott's Firing Range.
 27256 | Shoals:2 | Upgraded the game from 0.30.1-9-gdf580d7c3d to
                  | 0.30.1-10-g1249ef9ec4
 27539 | Shoals:2 | Identified the +1 animal skin "Kougi" {rPois rF++ MP+9}
 27557 | Shoals:2 | Reached skill level 10 in Earth Magic
 28827 | D:13     | Found a gate to the Vaults.
 29522 | Vaults:1 | Entered Level 1 of the Vaults
 29624 | Vaults:1 | Identified the +9 arbalest of Xom's Indignation {penet,
                  | Dex+4 Stlth+}
 29644 | Vaults:1 | Offered knowledge of Orb of Destruction by Vehumet.
 29654 | Vaults:1 | Reached skill level 10 in Air Magic
 29667 | Vaults:1 | Learned a level 7 spell: Orb of Destruction
 30142 | Vaults:1 | Reached skill level 25 in Spellcasting
 30347 | Vaults:1 | Found Emogyl Osee's Armour Boutique.
 30363 | Vaults:1 | Reached skill level 5 in Conjurations
 31060 | Vaults:1 | You fall into a shaft and drop 1 floor!
 31367 | Vaults:2 | Reached XP level 18. HP: 109/112 MP: 40/49
 31369 | Vaults:2 | Found a staircase to the Crypt.
 31387 | Vaults:2 | Found a flickering gateway to a bazaar.
 31420 | Bazaar   | Entered a bazaar
 31440 | Bazaar   | Found Huts's Armour Emporium.
 31440 | Bazaar   | Found Fuoqy's Distillery.
 31444 | Bazaar   | Bought a +1 cloak of stealth for 181 gold pieces
 31450 | Bazaar   | Bought a potion of curing for 21 gold pieces
 31450 | Bazaar   | Bought a potion of mutation for 56 gold pieces
 31461 | Bazaar   | Found Luehida's Magic Scroll Shoppe.
 31465 | Bazaar   | Bought a scroll of blinking for 82 gold pieces
 31493 | Bazaar   | Found Subykus's Antique Weapon Emporium.
 31493 | Bazaar   | Found Zefiutze's Weapon Shoppe.
 31497 | Bazaar   | Bought the +8 Vampire's Tooth {megavamp} for 540 gold
                  | pieces
 31497 | Bazaar   | Found the +8 Vampire's Tooth {megavamp}
 31503 | Bazaar   | Bought a glowing long sword for 175 gold pieces
 31516 | Bazaar   | Found Gopir's Armour Shoppe.
 31520 | Bazaar   | Bought the +0 mask of the Dragon {Will+ Slay+3 SInv} for
                  | 367 gold pieces
 31520 | Bazaar   | Found the +0 mask of the Dragon {Will+ Slay+3 SInv}
 32132 | Vaults:2 | Reached skill level 1 in Armour
 32328 | Abyss:2  | Cast into level 2 of the Abyss (a wizard)
 33249 | Abyss:3  | Noticed a bone dragon
 33269 | Abyss:3  | Noticed a bone dragon
 33272 | Vaults:2 | Escaped the Abyss
 33464 | Vaults:2 | Reached ****** piety under Vehumet
 33464 | Vaults:2 | Offered knowledge of Shatter by Vehumet.
 33464 | Vaults:2 | Offered knowledge of Chain Lightning by Vehumet.
 33464 | Vaults:2 | Offered knowledge of Polar Vortex by Vehumet.
 33634 | Vaults:2 | Reached skill level 26 in Spellcasting
 34123 | Vaults:2 | Upgraded the game from 0.30.1-10-g1249ef9ec4 to
                  | 0.30.1-11-g7821555f0a
 34740 | Shoals:3 | Found Zemonaik's Distillery.
 34853 | Shoals:3 | Bought a potion of heal wounds for 75 gold pieces
 34853 | Shoals:3 | Bought a potion of heal wounds for 75 gold pieces
 34853 | Shoals:3 | Bought 2 potions of heal wounds for 150 gold pieces
 34935 | Shoals:3 | Noticed Ilsuiw
 34940 | Shoals:3 | Killed Ilsuiw
 35344 | Shoals:4 | Entered Level 4 of the Shoals
 35510 | Shoals:4 | Identified the +1 ring mail "Uronn" {rF+ Regen+ Int+3}
 35609 | Shoals:4 | Reached XP level 19. HP: 94/116 MP: 51/51
 35611 | Shoals:4 | Reached skill level 27 in Spellcasting
 35735 | Shoals:4 | Identified the ring "Pileq" {Ice Str+4 Dex+3 Slay+2}
 36232 | Shoals:4 | Got a barnacled rune of Zot
 36235 | Shoals:4 | Got Cuuv Rytt's Atlas of Hot Beguiling
 36753 | Vaults:2 | Learned a level 4 spell: Dispel Undead
 37661 | Vaults:3 | Noticed Mennas
 37839 | Vaults:3 | Slain by a vault warden

Illustrated notes

Levels and vault maps discovered:
D:1:      sevenhm_arrival_forest_fort_small_3, layout_rooms,
          chequers_serial_rivers_room_b, minmay_misc_feat_five
D:2:      layout_loops_ring, dreamdust_ecumenical_altar_angels_and_demons,
          serial_shops, shop
D:3:      layout_basic, grunt_temple_overflow_open, minmay_misc_feat_iff
D:4:      layout_basic, nicolae_overflow_quartered_altars, serial_shops,
          nicolae_diamond_shop
D:5:      layout_loops_ring, lemuel_doored_altar, minmay_misc_feat_rows,
          dreamdust_wishing_well
D:6:      layout_loops_cross, fedhas_altar_fruit_tree,
          minmay_temple_entry_glass, uniq_pikel, uniq_blork_the_orc
D:7:      layout_basic, uniq_menkaure, uniq_joseph, uniq_crazy_yiuf_cottage
D:8:      layout_basic, nicolae_uskayaw_dance_hall, serial_demonic,
          serial_demonic_d, serial_demonic_a, serial_demonic_c,
          serial_demonic_c, nicolae_diode_quadrants
D:9:      layout_irregular_city, kennysheep_little_box, enter_bailey_4,
          minmay_between, uniq_harold
D:10:     layout_basic, nicolae_ru_awakened_eye
D:11:     layout_rooms, hellmonk_lair_entry_icy, serial_ice, serial_ice_j,
          serial_ice_m, serial_ice_o, serial_ice_c, serial_ice_g, serial_ice_f,
          guppyfry_shop_earth, uniq_psyche, uniq_lodul
D:12:     layout_roguey, nicolae_trove_entry_crossroad
D:13:     layout_loops_ring, lightli_vaults_fourway_checkpoint
Lair:1:   layout_small_grid
Lair:2:   gammafunk_boulding_lane, layout_small_grid, elwin_shoals_entry_rooms
Lair:3:   kb_forest_paths, layout_chaotic_city, spider_nest_entry_rubble
Lair:4:   layout_hall_layers, grunt_megastairs_3, lemuel_fruit_fields,
          uniq_rupert
Lair:5:   guppyfry_lair_end_dragon, layout_misc_corridors, wormcave,
          dpeg_slime_entry_enclosed
Shoals:1: layout_shoals, nicolae_shoals_nautilus_by_nature
Shoals:2: argonaut_golden_fleece, layout_shoals, nicolae_shop_firing_range
Shoals:3: layout_shoals, serial_shops, shop, nicolae_shoals_lost_giant_hut,
          uniq_ilsuiw
Shoals:4: shoals_end_hellmonk_lost_city, serial_shops
Spider:1: layout_spider_delve, nicolae_spider_some_kinda_spiderbox
Spider:2: layout_spider_delve, nicolae_spider_twisty_arc_passages
Spider:3: layout_chambers, nicolae_orb_stairs
Spider:4: grunt_spider_rune_circles, guppyfry_hornet_nest, uniq_mara
Orc:1:    layout_caves
Orc:2:    pf_orc_diabolical, layout_diamond_mine, uniq_azrael
Elf:1:    minmay_elf_arrival_plus, layout_loops_cross,
          kennysheep_underground_church
Vaults:1: vaults_dpeg_emergency_exit, nicolae_vaults_ellipses_ellipsis,
          nicolae_vaults_variable_pillar_hall, v_misc_22, v_misc_33,
          nicolae_vaults_closet_pinwheel_3, v_alt_pattern_4, v_alt_pattern_4,
          nicolae_vaults_tetromino_Z_2, nicolae_vaults_taking_the_gang_shopping,
          nicolae_vaults_spaceships, v_misc_33, nicolae_vaults_shelves_hall,
          nicolae_vaults_trapezoid_lopsided_1, nicolae_vaults_little_ls,
          layout_vaults_ring
Vaults:2: ontoclasm_vaults_bender, nicolae_vaults_storage_closets_1, v_misc_9,
          vaults_room_pools, nicolae_vaults_more_shelving_2, v_misc_14,
          vaults_standard_mumra_lines, hangedman_vaults_stream,
          nicolae_vaults_windows_and_doors_thing,
          minmay_crypt_entry_simple_corners, nicolae_vaults_stand_back,
          vaults_dpeg_diagonal, nicolae_vaults_little_squares_5,
          layout_vaults_omnibox, serial_shops, bzr_entry_gold
Vaults:3: nicolae_vaults_three_branches, v_misc_15, vaults_standard_mumra_x,
          v_misc_13, ontoclasm_vaults_loading_screen, nicolae_vaults_tangram_1,
          nicolae_vaults_display_case, vaults_room_ringed_pool,
          nicolae_vaults_octothorpe, vaults_mumra_minichess,
          nicolae_vaults_variable_pillar_hall, v_alt_pattern_6,
          nicolae_vaults_tetromino_L_1, nicolae_vaults_trapezoid_3,
          layout_vaults_big_room, uniq_mennas

Skill      XL: |  1  2  3  4  5  6  7  8  9 10 11 12 13 14 15 16 17 18 19 |
---------------+----------------------------------------------------------+-----
Spellcasting   | 5 6 7 9 10 12 13 15 16 18 20 22 23 25 26 27 | 27.0
Necromancy     | 1 2 5 6 7 8 9 10 | 10.8
Dodging        | 2 3 4 5 6 8 9 10 11 12 13 14 | 14.6
Conjurations   | 1 2 3 4 5 7 |  7.8
Short Blades   | 1 2 3 4 5 |  5.3
Translocations | 3 4 5 6 |  6.6
Stealth        | 2 3 4 |  4.8
Shields        | 2 3 |  3.3
Throwing       | 1 |  1.5
Transmutations | 2 3 4 5 6 |  6.0
Fire Magic     | 1 3 4 5 6 7 8 |  8.4
Air Magic      | 1 3 4 5 6 7 8 9 10 11 | 11.0
Poison Magic   | 2 4 6 |  6.1
Fighting       | 1 4 6 7 9 10 11 12 | 12.0
Ice Magic      | 1 4 5 6 |  6.6
Earth Magic    | 3 5 7 8 9 10 11 12 | 12.0
Long Blades    | 1 2 3 |  3.2
Armour         | 1 3 |  3.6
Invocations    | |  1.0
Evocations     | |  0.1

Action                     |  1- 3 |  4- 6 |  7- 9 | 10-12 | 13-15 | 16-18 | 19-21 || total
---------------------------+-------+-------+-------+-------+-------+-------+-------++-------
  Melee: Short sword       |    16 |       |    34 |       |       |       |       ||    50
         Rapier            |    19 |    88 |    93 |    63 |    35 |    10 |       ||   308
         Dagger            |       |       |    62 |     6 |     7 |       |       ||    75
         Scimitar          |       |       |       |       |    43 |    93 |       ||   136
         Quick blade       |       |       |       |       |       |    27 |     1 ||    28
         Long sword        |       |       |       |       |       |    21 |    40 ||    61
  Throw: Dart              |       |     2 |    14 |       |       |       |       ||    16
         Throwing net      |       |     1 |       |       |       |       |       ||     1
         Boomerang         |       |       |       |       |       |    22 |       ||    22
   Cast: Apportation       |    29 |    33 |    21 |    49 |    63 |    55 |     6 ||   256
         Magic Dart        |    30 |    73 |    59 |    23 |    15 |       |       ||   200
         Vampiric Draining |       |    22 |    48 |    36 |    35 |    77 |    18 ||   236
         Blink             |       |     2 |     6 |     6 |    20 |    16 |     1 ||    51
         Poisonous Vapours |       |       |    46 |   187 |   271 |   213 |    66 ||   783
         Ignite Poison     |       |       |    19 |    98 |   161 |   179 |    46 ||   503
         Airstrike         |       |       |       |    21 |    22 |    14 |     1 ||    58
         Fireball          |       |       |       |     9 |     2 |    18 |     2 ||    31
         Mephitic Cloud    |       |       |       |     4 |    14 |    19 |     4 ||    41
         Freezing Cloud    |       |       |       |     7 |    31 |    25 |     1 ||    64
         Lee's Rapid Decon |       |       |       |     6 |    15 |    32 |       ||    53
         Wereblood         |       |       |       |     4 |    16 |    29 |     6 ||    55
         Sticky Flame      |       |       |       |       |    30 |    53 |    13 ||    96
         Olgreb's Toxic Ra |       |       |       |       |    21 |    57 |    10 ||    88
         Frozen Ramparts   |       |       |       |       |     5 |    36 |    11 ||    52
         Maxwell's Capacit |       |       |       |       |       |     6 |       ||     6
  Evoke: Wand              |       |       |     4 |     4 |       |       |       ||     8
    Use: Scroll            |     1 |       |    10 |     7 |    12 |    11 |     4 ||    45
         Potion            |       |       |     2 |     2 |     4 |     8 |     3 ||    19
   Stab: Sleeping          |     5 |     1 |     2 |     4 |    12 |     8 |     1 ||    33
         Held in net/web   |       |     1 |       |       |       |       |       ||     1
 Armour: Robe              |    20 |    20 |    51 |    41 |   103 |   179 |    34 ||   448
         Troll leather arm |       |       |       |       |       |    15 |       ||    15
         Ring mail         |       |       |       |       |       |       |    16 ||    16
  Dodge: Dodged            |    23 |    74 |   148 |   115 |   172 |   314 |    70 ||   916
  Block: Buckler           |     4 |    30 |    43 |    31 |    53 |   171 |    46 ||   378
         Reflection        |       |       |       |       |       |    23 |     3 ||    26
